 Dungeon Crawl Stone Soup version 0.21-a0-633-g4c047d5 (webtiles) character file.

85 TheGoonsmith the Grave Robber (level 4, -1/32 HPs)
             Began as a Gnoll Necromancer on Dec 28, 2017.
             Slain by a gnoll
             ... wielding a +0 halberd
              (6 damage)
             ... on level 3 of the Dungeon.
             The game lasted 00:02:42 (1729 turns).

TheGoonsmith the Grave Robber (Gnoll Necromancer)   Turns: 1729, Time: 00:02:42

Health: -1/32      AC:  3    Str: 11    XL:     4   Next: 48%
Magic:  5/11       EV: 15    Int: 17    God:
Gold:   71         SH:  0    Dex: 16    Spells: 12/13 levels left

rFire    . . .     SeeInvis .   k - -3 falchion (curse)
rCold    . . .     Gourm    .   (no shield)
rNeg     . . .     Faith    .   a - +0 robe
rPois    .         Spirit   .   (no helmet)
rElec    .         Reflect  .   s - +0 cloak
rCorr    .         Harm     .   (no gloves)
MR       .....                  (no boots)
Stlth    +++.......             (no amulet)
HPRegen  0.10/turn              (no ring)
MPRegen  0.12/turn              (no ring)

@: no status effects
A: distributed training, fangs 1, strong nose
a: no special abilities


You were on level 3 of the Dungeon.
You were not hungry.

You visited 1 branch of the dungeon, and saw 3 of its levels.

You collected 71 gold pieces.

Inventory:

Hand Weapons
 d - a +1 dagger
 k - a cursed -3 falchion (weapon)
Missiles
 l - 71 stones (quivered)
Armour
 a - a +0 robe (worn)
 s - a +0 cloak (worn)
Jewellery
 p - a +3 ring of protection {unknown}
Scrolls
 j - a scroll of fog {unknown}
 n - a scroll of remove curse {unknown}
 o - a scroll of enchant armour {unknown}
 q - a scroll of magic mapping {unknown}
 r - a scroll of random uselessness {unknown}
Potions
 e - 2 potions of brilliance {unknown}
 f - 2 potions of curing
 g - a potion of degeneration {unknown}
 h - a potion of heal wounds {unknown}
 i - a potion of ambrosia {unknown}
 m - a potion of invisibility {unknown}
Books
 b - a book of Necromancy

   Spells                             Type                      Level
   a - Pain                           Necromancy                   1
   b - Animate Skeleton               Necromancy                   1
   c - Vampiric Draining              Necromancy                   3
   d - Regeneration                   Charms/Necromancy            3
   e - Animate Dead                   Necromancy                   4
   f - Borgnjor's Vile Clutch         Necromancy/Earth             5
Comestibles
 c - 4 rations


   Skills:
 + Level 1.1 Fighting
 + Level 1.1 Short Blades
 + Level 1.1 Long Blades
 + Level 1.1 Axes
 + Level 1.1 Maces & Flails
 + Level 1.1 Polearms
 + Level 1.1 Staves
 + Level 1.1 Slings
 + Level 1.1 Bows
 + Level 1.1 Crossbows
 + Level 1.1 Throwing
 + Level 1.1 Armour
 + Level 4.6 Dodging
 + Level 4.2 Stealth
 + Level 1.1 Shields
 + Level 1.1 Unarmed Combat
 + Level 5.1 Spellcasting
 + Level 0.9 Conjurations
 + Level 0.9 Hexes
 + Level 0.9 Charms
 + Level 0.9 Summonings
 + Level 7.1 Necromancy
 + Level 0.9 Translocations
 + Level 0.9 Transmutations
 + Level 0.9 Fire Magic
 + Level 0.9 Ice Magic
 + Level 0.9 Air Magic
 + Level 0.9 Earth Magic
 + Level 0.9 Poison Magic
 + Level 1.2 Invocations
 + Level 1.1 Evocations


You had 12 spell levels left.
You knew the following spells:

 Your Spells              Type           Power        Failure   Level  Hunger
a - Pain                  Necr           ####         1%          1    None


Dungeon Overview and Level Annotations

Branches:
Dungeon (3/15)

Altars:


Innate Abilities, Weirdness & Mutations

Your experience applies equally to all skills.
You have very sharp teeth.
Your uncanny sense of smell can sniff out nearby items.


Message History

You barely miss the gnoll. Your bite misses the gnoll.
The gnoll is almost dead.
The gnoll barely misses you.
Casting: Pain
Confirm with . or Enter, or press ? or * to list all spells.
Aiming: Pain
Press: ? - help, Shift-Dir - straight line, f/p - gnoll
Aim: a gnoll (almost dead, chance to defeat MR: 89%)
The gnoll writhes in agony!
You kill the gnoll!
The gnoll hits you from afar with a halberd!
* * * LOW HITPOINT WARNING * * *
Casting: Pain
Confirm with . or Enter, or press ? or * to list all spells.
Aiming: Pain
Press: ? - help, Shift-Dir - straight line, f - gnoll
Aim: a gnoll, wielding a halberd (chance to defeat MR: 89%)
The gnoll writhes in agony!
The gnoll hits you from afar with a halberd.
You die...

###
#@#
#(#
#g.
∆
####


You could see a gnoll.

Vanquished Creatures
  Crazy Yiuf (D:2)
  2 gnolls (D:3)
  3 dart slugs (D:2)
  A leopard gecko (D:2)
  A bat (D:1)
  A giant cockroach (D:1)
  2 goblins (D:1)
  2 hobgoblins
  6 jackals (D:1)
  A quokka (D:2)
  A ball python (D:1)
  3 frilled lizards
  A jackal skeleton (D:2)
  4 kobolds
  2 rats (D:2)
31 creatures vanquished.

Notes
Turn   | Place    | Note
-------+----------+-------------------------------------------
     0 | D:1      | TheGoonsmith the Gnoll Necromancer began the quest for the Orb.
     0 | D:1      | Reached XP level 1. HP: 13/13 MP: 6/6
    99 | D:1      | Reached XP level 2. HP: 14/19 MP: 2/7
   874 | D:2      | Reached XP level 3. HP: 23/25 MP: 5/9
   919 | D:2      | Reached skill level 5 in Spellcasting
  1167 | D:2      | Found a runed door.
  1568 | D:2      | Noticed Crazy Yiuf
  1577 | D:2      | Killed Crazy Yiuf
  1577 | D:2      | Reached skill level 1 in Fighting
  1577 | D:2      | Reached skill level 1 in Short Blades
  1577 | D:2      | Reached skill level 1 in Long Blades
  1577 | D:2      | Reached skill level 1 in Axes
  1577 | D:2      | Reached skill level 1 in Maces & Flails
  1577 | D:2      | Reached skill level 1 in Polearms
  1577 | D:2      | Reached skill level 1 in Staves
  1577 | D:2      | Reached skill level 1 in Slings
  1577 | D:2      | Reached skill level 1 in Bows
  1577 | D:2      | Reached skill level 1 in Crossbows
  1577 | D:2      | Reached skill level 1 in Throwing
  1577 | D:2      | Reached skill level 1 in Armour
  1577 | D:2      | Reached skill level 1 in Shields
  1577 | D:2      | Reached skill level 1 in Unarmed Combat
  1577 | D:2      | Reached skill level 1 in Invocations
  1577 | D:2      | Reached skill level 1 in Evocations
  1577 | D:2      | Reached XP level 4. HP: 24/32 MP: 0/11
  1729 | D:3      | Slain by a gnoll

Vault maps used:
D:1:      minmay_arrival_plants_in_alcoves
D:2:      first_ration, uniq_crazy_yiuf_cottage
D:3:      nicolae_ru_path_of_blood

Skill      XL: |  1  2  3 |
---------------+----------+-----
Spellcasting   | 5 |  5.1
Fighting       | 1 |  1.1
Short Blades   | 1 |  1.1
Long Blades    | 1 |  1.1
Axes           | 1 |  1.1
Maces & Flails | 1 |  1.1
Polearms       | 1 |  1.1
Staves         | 1 |  1.1
Slings         | 1 |  1.1
Bows           | 1 |  1.1
Crossbows      | 1 |  1.1
Throwing       | 1 |  1.1
Armour         | 1 |  1.1
Shields        | 1 |  1.1
Unarmed Combat | 1 |  1.1
Invocations    | 1 |  1.2
Evocations     | 1 |  1.1
Dodging        | |  4.6
Stealth        | |  4.2
Conjurations   | |  0.9
Hexes          | |  0.9
Charms         | |  0.9
Summonings     | |  0.9
Necromancy     | |  7.1
Translocations | |  0.9
Transmutations | |  0.9
Fire Magic     | |  0.9
Ice Magic      | |  0.9
Air Magic      | |  0.9
Earth Magic    | |  0.9
Poison Magic   | |  0.9

Action                   |  1- 3 |  4- 6 || total
-------------------------+-------+-------++-------
Melee: Dagger            |     1 |       ||     1
 Cast: Pain              |    48 |     7 ||    55
  Use: Scroll            |     2 |       ||     2
 Stab: Sleeping          |     1 |       ||     1
  Eat: Ration            |       |     1 ||     1
Dodge: Dodged            |     5 |     4 ||     9
       Rpst.: Falchion   |       |     2 ||     2

Table legend:
 A = Spawn XP
 B = Non-spawn XP
 C = Spawn XP percentage of total XP
 D = Spawn monster count
 E = Non-spawn monster count
 F = Spawn count percentage of total count
 G = Total turns spent on level
                    A         B        C        D         E        F      G
               +---------+---------+-------+---------+---------+-------+---------
         Total |       0 |     122 |   0.0 |       0 |      31 |   0.0 |  1729
               +---------+---------+-------+---------+---------+-------+---------
           D:1 |       0 |      27 |   0.0 |       0 |      16 |   0.0 |   825
           D:2 |       0 |      66 |   0.0 |       0 |      13 |   0.0 |   898
           D:3 |       0 |      29 |   0.0 |       0 |       2 |   0.0 |     6
               +---------+---------+-------+---------+---------+-------+---------
